 Dungeon Crawl Stone Soup version 0.31-a0-435-g2c6fae2916 (webtiles) character file.

Game seed: 2703211422200405602

68 garrulousMonolith the Digger (level 4, -2/32 HPs)
             Began as a Gnoll Earth Elementalist on Aug 1, 2023.
             Slain by Crazy Yiuf
             ... wielding a +3 quarterstaff of chaos
              (14 damage)
             ... on level 2 of the Dungeon.
             The game lasted 00:01:52 (2014 turns).

garrulousMonolith the Digger (GnEE)                 Turns: 2014, Time: 00:01:52

Health: -2/32      AC:  5    Str:  8    XL:     4   Next: 19%
Magic:  8/11       EV: 12    Int: 16    God:
Gold:   91         SH:  4    Dex: 12    Spells: 7/13 levels left

rFire   + . .        o - staff of earth
rCold   + . .        p - +0 buckler
rNeg    . . .        n - +0 leather armour
rPois   +            (no helmet)
rElec   +            u - +0 cloak
rCorr   +            f - +0 pair of gloves
SInv    .            (no boots)
Will    .....        (no amulet)
Stlth   ++           (no ring)
HPRegen 0.25/turn    (no ring)
MPRegen 0.12/turn

%: no passive effects
@: resistant
A: fangs 1, strong nose, distributed training
a: no special abilities


You were on level 2 of the Dungeon.
You visited 1 branch of the dungeon, and saw 2 of its levels.

You collected 91 gold pieces.

Inventory:

Hand Weapons
 e - a +0 dagger
Missiles
 s - 6 javelins (quivered)
Armour
 a - a +0 robe
 f - a +0 pair of gloves (worn)
 n - a +0 leather armour (worn)
 p - a +0 buckler (worn)
 u - a +0 cloak (worn)
Magical Staves
 o - a staff of earth (weapon)
Jewellery
 m - an amulet of regeneration
Talismans
 c - a blade talisman
Scrolls
 d - a scroll of immolation {unknown}
 h - a scroll of fear {unknown}
 i - a scroll of poison {unknown}
 j - 3 scrolls of revelation {unknown}
 k - a scroll of noise {unknown}
 r - a scroll of blinking {unknown}
 t - 3 scrolls of identify {unknown}
Potions
 b - 2 potions of magic
 g - 2 potions of curing
 l - a potion of resistance {unknown}
 q - a potion of might {unknown}
 v - a potion of invisibility {unknown}
 w - a potion of heal wounds {unknown}
 x - a potion of ambrosia {unknown}


   Skills:
 + Level 1.1 Fighting
 + Level 1.1 Short Blades
 + Level 1.1 Long Blades
 + Level 1.1 Axes
 + Level 1.1 Maces & Flails
 + Level 1.1 Polearms
 + Level 1.1 Staves
 + Level 1.1 Ranged Weapons
 + Level 1.1 Throwing
 + Level 1.1 Armour
 + Level 4.6 Dodging
 + Level 4.2 Stealth
 + Level 1.1 Shields
 + Level 1.1 Unarmed Combat
 + Level 5.0 Spellcasting
 + Level 0.8 Conjurations
 + Level 0.8 Hexes
 + Level 0.8 Summonings
 + Level 0.8 Necromancy
 + Level 0.8 Translocations
 + Level 2.2 Transmutations
 + Level 0.8 Fire Magic
 + Level 0.8 Ice Magic
 + Level 0.8 Air Magic
 + Level 5.4 Earth Magic
 + Level 0.8 Poison Magic
 + Level 1.2 Invocations
 + Level 1.1 Evocations
 + Level 0.8 Shapeshifting


You had 7 spell levels left.
You knew the following spells:

 Your Spells              Type           Power      Damage    Failure   Level
a - Sandblast             Erth           64%        2d14      3%          1
b - Stone Arrow           Conj/Erth      42%        3d9       28%         3
c - Passwall              Tmut/Erth      20%        N/A       11%         2

Your spell library contained the following spells:

 Spells                   Type           Power      Damage    Failure   Level
 Ensorcelled Hibernation  Hex/Ice        12%        N/A       36%         2
 Lesser Beckoning         Tloc           12%        N/A       36%         2
 Petrify                  Tmut/Erth      24%        N/A       56%         4
 Gell's Gravitas          Tloc           6%         N/A       58%         3
 Swiftness                Air            6%         N/A       58%         3
 Teleport Other           Tloc           6%         N/A       58%         3


Dungeon Overview and Level Annotations

Branches:
Dungeon (2/15)

Altars:

Annotations:
D:2 Crazy Yiuf


Innate Abilities, Weirdness & Mutations

You have very sharp teeth.
Your uncanny sense of smell can sniff out nearby items.
Your experience applies equally to all skills.


Message History

You see here a +0 hammer.
Found three hammers.
Found a runed translucent door.
Crazy Yiuf shouts!
Found two hammers.
You see here a +0 hammer.
You open the door.
Casting: Sandblast (safe; 3% risk of failure)
Confirm with . or Enter, or press ? or * to list all spells.
Aiming: Sandblast (safe; 3% risk of failure)
Press: ? - help, Shift-Dir - straight line, f - Crazy Yiuf
Aim: Crazy Yiuf, wielding a +3 quarterstaff of chaos and wearing a +0 cloak (86% to hit)
You feel a surge of power!
The blast of sand hits Crazy Yiuf!
Crazy Yiuf is severely wounded.
Crazy Yiuf hits you with a +3 quarterstaff of chaos!
You are poisoned.
Casting: Sandblast (safe; 3% risk of failure)
Confirm with . or Enter, or press ? or * to list all spells.
Aiming: Sandblast (safe; 3% risk of failure)
Press: ? - help, Shift-Dir - straight line, f/p - Crazy Yiuf
Aim: Crazy Yiuf, wielding a +3 quarterstaff of chaos and wearing a +0 cloak (severely wounded, 86% to hit)
You feel a surge of power!
The blast of sand hits Crazy Yiuf.
Crazy Yiuf is almost dead.
You feel very sick. You block Crazy Yiuf's attack.
Crazy Yiuf whimpers, "Cholesterol green Orb Guardian!"
Crazy Yiuf hits you with a +3 quarterstaff of chaos!
* * * LOW HITPOINT WARNING * * *
You feel protected.
Casting: Sandblast (safe; 3% risk of failure)
Confirm with . or Enter, or press ? or * to list all spells.
Aiming: Sandblast (safe; 3% risk of failure)
Press: ? - help, Shift-Dir - straight line, f/p - Crazy Yiuf
Aim: Crazy Yiuf, wielding a +3 quarterstaff of chaos and wearing a +0 cloak (almost dead, 86% to hit)
You feel a surge of power!
The blast of sand misses Crazy Yiuf.
* * * LOW HITPOINT WARNING * * *
You feel very sick. Crazy Yiuf completely misses you.
It was a potion of curing.
You feel better.
Crazy Yiuf hits you with a +3 quarterstaff of chaos!
You die...

.....###.#
#....####
##.#.# #.#
#....# #.#.#
#.# #.#..#
#.### #.#
##...#
############
#.# #.#
##)##
#...........
#.# #.# ##.#
##########.#
#.# #.# #.##
#.# ##.# #.#
##.# #.#
...#####'###
#@## #.#
##.##......#
#g# #.#
#.##......#
..) #.#
####......#
#).)# #.#
### #......#
#)..# #.#
..# ####'###
##### #.#
#.######.##
#.#
..........#
#.#
########..#
#.#


You could see Crazy Yiuf.

Vanquished Creatures
  3 adders (D:2)
  A worm (D:2)
  A dart slug (D:2)
  5 ball pythons
  3 endoplasms (D:1)
  3 giant cockroaches
  A goblin (D:1)
  2 hobgoblins
  5 kobolds
  A quokka (D:1)
  5 bats
  A frilled lizard (D:2)
  5 rats
36 creatures vanquished.

Notes
Turn   | Place    | Note
-------+----------+-------------------------------------------
     0 | D:1      | garrulousMonolith the Gnoll Earth Elementalist began the
                  | quest for the Orb.
     0 | D:1      | Reached XP level 1. HP: 13/13 MP: 6/6
   333 | D:1      | Reached XP level 2. HP: 19/19 MP: 4/7
   881 | D:1      | Reached XP level 3. HP: 25/25 MP: 6/9
   885 | D:1      | Learned a level 3 spell: Stone Arrow
   888 | D:1      | Learned a level 2 spell: Passwall
  1079 | D:2      | Reached skill level 5 in Spellcasting
  1161 | D:2      | Reached skill level 1 in Invocations
  1532 | D:2      | Reached skill level 1 in Fighting
  1532 | D:2      | Reached skill level 1 in Short Blades
  1532 | D:2      | Reached skill level 1 in Long Blades
  1532 | D:2      | Reached skill level 1 in Axes
  1532 | D:2      | Reached skill level 1 in Maces & Flails
  1532 | D:2      | Reached skill level 1 in Polearms
  1532 | D:2      | Reached skill level 1 in Staves
  1532 | D:2      | Reached skill level 1 in Ranged Weapons
  1532 | D:2      | Reached skill level 1 in Throwing
  1532 | D:2      | Reached skill level 1 in Armour
  1532 | D:2      | Reached skill level 1 in Shields
  1532 | D:2      | Reached skill level 1 in Unarmed Combat
  1532 | D:2      | Reached skill level 1 in Evocations
  1615 | D:2      | Reached XP level 4. HP: 32/32 MP: 9/11
  2006 | D:2      | Found a runed translucent door.
  2007 | D:2      | Noticed Crazy Yiuf
  2014 | D:2      | Slain by Crazy Yiuf

Illustrated notes

Levels and vault maps discovered:
D:1:      dpeg_arrival_windows_large_door, layout_basic, hex_tiny,
          grunt_decor_one_mirror, serial_park_tiny_2
D:2:      layout_basic, uniq_crazy_yiuf_cottage

Skill      XL: |  1  2  3 |
---------------+----------+-----
Transmutations | 2 |  2.2
Spellcasting   | 5 |  5.0
Invocations    | 1 |  1.2
Fighting       | 1 |  1.1
Short Blades   | 1 |  1.1
Long Blades    | 1 |  1.1
Axes           | 1 |  1.1
Maces & Flails | 1 |  1.1
Polearms       | 1 |  1.1
Staves         | 1 |  1.1
Ranged Weapons | 1 |  1.1
Throwing       | 1 |  1.1
Armour         | 1 |  1.1
Shields        | 1 |  1.1
Unarmed Combat | 1 |  1.1
Evocations     | 1 |  1.1
Dodging        | |  4.6
Stealth        | |  4.2
Conjurations   | |  0.8
Hexes          | |  0.8
Summonings     | |  0.8
Necromancy     | |  0.8
Translocations | |  0.8
Fire Magic     | |  0.8
Ice Magic      | |  0.8
Air Magic      | |  0.8
Earth Magic    | |  5.4
Poison Magic   | |  0.8
Shapeshifting  | |  0.8

Action                     |  1- 3 |  4- 6 || total
---------------------------+-------+-------++-------
  Melee: Dagger            |     1 |       ||     1
   Cast: Sandblast         |    42 |     5 ||    47
    Use: Potion            |       |     1 ||     1
 Armour: Robe              |     2 |       ||     2
  Dodge: Dodged            |     9 |     1 ||    10
  Block: Buckler           |       |     2 ||     2
         Form:             |     1 |       ||     1
         Blade             |     1 |       ||     1

Table legend: (Time is in decaauts)
 A = Elapsed time spent in this place.
 B = Non-inter-level travel time spent in this place.
 C = Inter-level travel time spent in this place.
 D = Time resting spent in this place.
 E = Time spent auto-exploring this place.
 F = Levels seen in this place.
 G = Mean time per level.
                   A        B        C        D        E       F      G
               +--------+--------+--------+--------+--------+-----+--------+
         Total |   2036 |   1954 |     82 |    126 |   1541 |   2 | 1018.0 |
       Dungeon |   2036 |   1954 |     82 |    126 |   1541 |   2 | 1018.0 |
               +--------+--------+--------+--------+--------+-----+--------+

Top non-repeatable levels by time:
     D:1: 1088 daAuts
     D:2: 947 daAuts
